nht, chaotic male elven Wizard # #@u## # # ### ######### #%# ## --------+--- % |..........| ### |..........| # |..........-## |..........| ----------- nht the Thaumaturge Experience level: 8 Strength: 10 Dexterity: 16 Constitution: 9 Intelligence: 19 Wisdom: 12 Charisma: 10 Health: 0(50) Energy: 8(98) Def: 2 Gold: 481 Moves: 1899 Dungeon seed: X5Zb-Tjl-Lt3apZ- Game ID: nht_1432019211 Your Inventory: Coins $ - 481 gold pieces Weapons a - a blessed +1 quarterstaff (weapon in hands) Armor e - an uncursed +0 cloak of magic resistance (being worn) n - an uncursed +0 pair of elven boots (being worn) B - a cursed -2 pair of levitation boots F - an uncursed -1 pair of gauntlets of fumbling Scrolls j - an uncursed scroll of scare monster k - a blessed scroll of create monster l - a blessed scroll of food detection m - 3 uncursed scrolls of identify t - an uncursed scroll of enchant weapon v - 2 uncursed scrolls of teleportation C - an uncursed scroll of identify D - 2 uncursed scrolls of genocide G - an uncursed scroll of enchant armor H - 2 uncursed scrolls of light I - an uncursed scroll of enchant armor J - an uncursed scroll of create monster S - an uncursed scroll of destroy armor T - an uncursed scroll of scare monster V - 2 uncursed scrolls of blank paper W - an uncursed scroll of light Y - a blessed scroll of magic mapping Spellbooks q - a blessed spellbook of blank paper Potions g - an uncursed potion of gain level h - an uncursed potion of object detection A - a cursed potion of healing O - an uncursed potion of monster detection Rings c - an uncursed ring of sustain ability d - an uncursed ring of free action s - a cursed ring of teleportation Wands b - a wand of sleep (0:2) u - a wand of enlightenment (0:14) L - a wand of digging (0:1) Q - a wand of undead turning (0:6) Z - a wand of sleep (0:3) Tools i - a blessed oil lamp (0:1356) o - a magic marker (0:3) p - an uncursed leather drum E - 7 uncursed tallow candles (0:200) R - an uncursed brass lantern (lit) (0:242) Gems r - an uncursed worthless piece of violet glass y - 3 uncursed worthless pieces of blue glass N - 2 uncursed worthless pieces of red glass Spells known in the end: Name Level Category Fail Memory a - force bolt 1 attack 0% 91% b - magic missile 2 attack 0% 91% c - cure sickness 3 healing 71% 91% d - detect monsters 1 divination 0% 91% e - healing 1 healing 0% 92% Your skills at the end: Fighting Skills Weapon Skills quarterstaff [Basic] Spellcasting Skills attack spells [Basic] enchantment spells [Basic] Final Attributes: You were piously aligned. You were sleep resistant. You were magic-protected. You had infravision. You were stealthy. You are dead. Vanquished creatures: 2 large mimics a small mimic a winter wolf cub 2 gnome kings 3 Kop Kaptains a human zombie 6 gnome lords 4 Kop Lieutenants a paper golem 9 dwarves a kobold lord 4 rothes a centipede a giant bat 11 Kop Sergeants 2 orc zombies a hobbit 26 gnomes 27 Keystone Kops 4 manes a gecko a goblin 4 sewer rats a grid bug a lichen 2 kobold zombies 6 newts 124 creatures vanquished. Voluntary challenges: You followed a strict vegan diet. You used a wielded weapon 244 times, starting on turn 91. You read items or engraved 18 times, starting on turn 53. You never genocided any monsters. You never polymorphed an object. You never changed form. You used no wishes. You never split a pudding. You wrote Elbereth's name 6 times, starting on turn 261. You never violated your personal moral code. You disabled loading bones files. Dungeon overview: The Dungeons of Doom: levels 1 to 19 Level 1 a fountain a long staircase Level 2 stairs to The Gnomish Mines Level 3 (locked shop) a fountain Level 4 Level 5 Level 6 Level 7 Level 8 a general store, a fountain Level 9 Level 10 (bees) Level 11 a fountain Level 12 Level 13 (zoo) Level 14 Level 15 a general store, some sinks Level 16 (quest) Level 17 Level 18 Level 19 <- You were here The Gnomish Mines: levels 3 to 6 Level 3 stairs to The Dungeons of Doom Level 4 Level 5 Level 6 some shops, a temple to Thoth, some fountains, some trees History has recorded: On T:1 you entered the Dungeons of Doom to retrieve the Amulet of Yendor! On T:179 you reached level 2 of The Dungeons of Doom. On T:265 you reached level 1 of The Gnomish Mines. On T:287 you advanced to experience level 2. On T:290 you advanced to experience level 3. On T:323 you advanced to experience level 4. On T:372 you reached level 2 of The Gnomish Mines. On T:408 you advanced to experience level 5. On T:635 you reached level 3 of The Gnomish Mines. On T:736 you advanced to experience level 6. On T:763 you reached level 4 of The Gnomish Mines. On T:1034 you reached level 3 of The Dungeons of Doom. On T:1150 you reached level 4 of The Dungeons of Doom. On T:1159 you reached level 5 of The Dungeons of Doom. On T:1183 you reached level 6 of The Dungeons of Doom. On T:1202 you reached level 7 of The Dungeons of Doom. On T:1221 you reached level 8 of The Dungeons of Doom. On T:1371 you reached level 9 of The Dungeons of Doom. On T:1400 you reached level 10 of The Dungeons of Doom. On T:1427 you reached level 11 of The Dungeons of Doom. On T:1448 you reached level 12 of The Dungeons of Doom. On T:1467 you reached level 13 of The Dungeons of Doom. On T:1473 you reached level 14 of The Dungeons of Doom. On T:1481 you reached level 15 of The Dungeons of Doom. On T:1542 you advanced to experience level 7. On T:1709 you advanced to experience level 8. On T:1779 you reached level 16 of The Dungeons of Doom. On T:1838 you reached level 17 of The Dungeons of Doom. On T:1840 you reached level 18 of The Dungeons of Doom. On T:1866 you reached level 19 of The Dungeons of Doom. Score breakdown: Gold: 481 ( 9126 points) Experience: 8 levels (14739 points) Exploration: 19 levels ( 37.25%) (18000 points) Discoveries: 15 items ( 5.43%) ( 6993 points) Valuables value: (no points given unless you survive) Artifact value: 0 ( 0 points) Variety of kills: 27 monsters ( 7.12%) ( 8007 points) Time penalty: 1899 turns ( 0 points) Survival: died (score multiplied by 80%) Total score: 45492 Latest messages: You feel much better. Your pair of old gloves softly glows amber. You feel in good health again. i - an uncursed partly used tallow candle (lit) (0:2). E - 7 uncursed tallow candles. y - 3 uncursed blue gems. N - 2 uncursed red gems. r - an uncursed violet gem. 2 red gems land on the altar. You hit the horse! The horse kicks! The horse bites! The horse kicks! The horse bites! You die... Final status: Goodbye nht the Wizard, killed by a horse... You died in The Dungeons of Doom on dungeon level 19 with 45492 points, and 481 pieces of gold, after 1899 moves. You were level 8 with a maximum of 50 hit points when you died.